[Event "32nd NATO Championship 2022"]
[Site "Tartu"]
[Date "2022.06.28"]
[Round "3.5"]
[White "Sauer, Marko"]
[Black "Papasimakopoulos, Alexandros"]
[Result "0-1"]
[ECO "C15"]
[WhiteElo "2065"]
[BlackElo "2259"]
[Annotator "TA"]
[PlyCount "102"]
[EventDate "2022.06.27"]
[EventType "swiss"]
[EventCountry "EST"]
[SourceTitle "playchess.com"]
[Source "ChessBase"]
[SourceQuality "1"]
[TimeControl "5400+30"]

1. e4 e6 2. d4 d5 3. Nc3 Bb4 4. Bd2 dxe4 5. Qg4 Qxd4 6. O-O-O f5 (6... Qxf2 $2 7. Nh3 Qd4 8. Bg5 Bxc3 9. bxc3 (9. Rxd4 Bxd4 10. Qxe4 Bf6 $16) 9... Qxd1+ 10. Kxd1 $18) 7. Qh4 {[%emt 0:00:30] And now Nb5 would win. C15: French: 3 Nc3 Bb4: Unusual White 4th moves.} Be7 8. Qg3 {[%emt 0:00:30] Black must now prevent Nb5.} Bd6 $1 9. Qh4 {[%emt 0:00:30] [#] Black has an edge.} Bd7 $146 (9... Nf6 $2 10. Bh6 $1 Qxd1+ 11. Nxd1 $18) (9... Nc6 $15) ({Predecessor:} 9... Qe5 10. Nb5 Nf6 11. Nh3 Qc5 12. Be3 Qc6 13. Nxd6+ cxd6 14. Qg3 e5 15. Qxg7 Rf8 16. Bh6 Nbd7 {1-0 (34) Wittke,V (2035)-Spielberger,H (1895) Bayern 2000}) 10. Nb5 $11 Qf6 11. Nxd6+ (11. Bg5 $11 {keeps the balance.} Qe5 12. Rxd6 cxd6 13. Bf4 (13. Nc7+ Kf7 $17)) 11... cxd6 $17 12. Qg3 Nc6 (12... d5 $1 $17 13. Bc3 Qh6+ 14. Kb1 Nf6) 13. Qxd6 $15 O-O-O (13... Qe7 $17 14. Be3 Nf6) 14. Nh3 (14. Bf4 e5 15. Qxf6 (15. Be3 $2 f4 $19) 15... Nxf6 $17) 14... h6 {[%emt 0:00:30] Prevents Bg5.} 15. Bc3 ({Wrong is} 15. Bf4 $2 e5 16. Qxf6 Nxf6 $19) 15... e5 16. Qa3 {[%emt 0:00:30] [#]} (16. Qc5 $142 b6 17. Qa3) 16... Qe7 (16... Nge7 $142 $1 {Strongly threatening ...f4.} 17. Bb5 (17. Ba5 $2 Nxa5 18. Qxa5 Kb8 $19) 17... Be6) 17. Qa4 (17. Rd6 $142) 17... Qc5 ({Better is} 17... Nf6 18. Bb5 a6 19. Bxc6 Bxc6) 18. Bb5 ({White should try} 18. Qb5 Qe7 19. f4 exf3 20. gxf3) 18... Nge7 19. Rd2 (19. Qc4 $17 Qxc4 20. Bxc4) 19... Nd5 20. Qb3 Nd4 $2 (20... Nxc3 $19 21. bxc3 a6 22. Bxc6 Qxc6) 21. Bxd4 exd4 22. Qc4 b6 {[%emt 0:00:30] Black is more active.} (22... Qxc4 $15 23. Bxc4 Nf6) 23. Bxd7+ (23. Ba6+ {is more complex.} Kc7 24. Rxd4 Qxc4 25. Rxc4+ Bc6 26. Rd1) 23... Rxd7 24. Rxd4 Qxc4 25. Rxc4+ Kb7 26. Rd1 g5 $36 {[%emt 0:00:30][%mdl 2048] Prevents Nf4. Black has good play.} 27. Rcd4 Kc6 28. Ng1 Rhd8 29. c4 $2 {[%emt 0:00:30] Black continues to play with concentration.} (29. g3 $15) 29... Nb4 30. Rxd7 Rxd7 31. Rxd7 Kxd7 $19 {[%emt 0:00:30][%mdl 4096] Endgame KN-KN} 32. Ne2 (32. f3 {was called for.}) 32... Nd3+ ({Inferior is} 32... Nxa2+ 33. Kd2 $17) 33. Kc2 Nxf2 34. b4 $2 (34. Kd2) 34... Ng4 35. Kc3 Nxh2 36. Kd4 Ng4 37. a4 Kc6 38. Nc3 e3 39. Ne2 h5 40. Kd3 f4 41. Ke4 Nh6 {[%emt 0:00:30] Threatens to win with ...a5.} 42. g3 (42. Nd4+ $142 Kd6 43. a5) 42... fxg3 43. Nxg3 h4 44. Ne2 h3 45. Nd4+ Kd7 {[%emt 0:00:30] ( -> ...h2)} 46. Kf3 g4+ 47. Kg3 {[%emt 0:00:30] [#]} Kd6 (47... Nf5+ $142 $1 48. Nxf5 h2 49. Nxe3 h1=Q 50. Nxg4 Qe1+ 51. Kf4 Qxb4 52. Nf6+ Ke6) 48. Ne2 Nf5+ (48... Ke5 $142 49. Ng1 Kd4 50. Ne2+ Kxc4 51. Kh2 Nf5 52. Kg1 Kd3 53. Nf4+ Ke4 54. Ne6 Nd4 55. Nxd4 Kxd4 56. Kh2 e2 57. Kg3 e1=Q+ 58. Kf4 h2 59. Kg5 h1=Q 60. Kg6 Qe6+ 61. Kg7 Qhh6#) 49. Kh2 Ke5 {[%emt 0:00:30] Black mates.} 50. c5 bxc5 51. bxc5 Kd5 {[%emt 0:00:30] Weighted Error Value: White=0.68/Black=0.25 (precise)} 0-1

[Event "32nd NATO Championship 2022"]
[Site "Tartu"]
[Date "2022.06.28"]
[Round "3.11"]
[White "Wagenaar, Harm Theo"]
[Black "Nikomanis, Andreas"]
[Result "0-1"]
[ECO "A48"]
[WhiteElo "1893"]
[BlackElo "2068"]
[Annotator "NA RC"]
[PlyCount "92"]
[EventDate "2022.06.27"]
[EventType "swiss"]
[EventCountry "EST"]
[SourceTitle "playchess.com"]
[Source "ChessBase"]
[SourceQuality "1"]
[TimeControl "5400+30"]

1. d4 Nf6 2. Nf3 g6 3. Bg5 Bg7 4. Nbd2 O-O 5. c3 d6 6. e4 c5 7. dxc5 dxc5 8. Bc4 Nc6 9. Qe2 Na5 10. Bd3 Be6 11. Nc4 Nc6 12. O-O Qc7 13. a4 h6 14. Bxf6 exf6 15. Rfd1 Rfe8 16. Ne3 Na5 17. c4 Nb3 18. Ra3 Nd4 19. Nxd4 cxd4 20. Nd5 Bxd5 21. cxd5 f5 22. Qf3 $11 fxe4 23. Bxe4 Qe7 24. Bd3 Qb4 25. Raa1 Re7 26. g3 Rd8 27. Rac1 Qxa4 28. Ra1 Qd7 29. Rxa7 Qxd5 30. Qf4 Qb3 31. Qd2 Rde8 32. Kg2 Qd5+ 33. Kg1 h5 34. Ra5 Qf3 35. Raa1 h4 36. Bf1 Qh5 37. Ra5 Qg4 38. h3 Qe6 39. g4 Qb6 40. Ra3 Be5 41. Rd3 Bb8 42. Rxd4 Qc7 43. Bg2 Re2 44. Qb4 Ba7 45. Rf4 Bc5 46. Qa4 b5 0-1

[Event "32nd NATO Championship 2022"]
[Site "Tartu"]
[Date "2022.06.28"]
[Round "3.13"]
[White "Duren, Andrew"]
[Black "Pazeriene, Diana"]
[Result "1/2-1/2"]
[ECO "A48"]
[WhiteElo "1997"]
[BlackElo "1930"]
[Annotator "NA RC"]
[PlyCount "80"]
[EventDate "2022.06.27"]
[EventType "swiss"]
[EventCountry "EST"]
[SourceTitle "playchess.com"]
[Source "ChessBase"]
[SourceQuality "1"]
[TimeControl "5400+30"]

1. d4 Nf6 2. Bf4 g6 3. e3 Bg7 4. Nf3 c5 5. c3 Qb6 6. Qb3 d6 7. Nbd2 Nbd7 8. h3 Qxb3 9. axb3 b6 10. Ba6 O-O 11. O-O Nd5 12. Bh2 Bxa6 13. Rxa6 Nc7 14. Raa1 Rfc8 15. Nc4 cxd4 16. exd4 b5 17. Na5 a6 18. Rfe1 Bf6 19. Rad1 d5 $16 (19... Nb6 $11) 20. b4 Nb6 21. Ne5 Nc4 22. Naxc4 dxc4 23. Nd7 Nd5 24. Nxf6+ exf6 25. Ra1 Rc6 26. Kf1 f5 27. Ke2 f6 28. Kd2 Kf7 29. f3 f4 30. Bg1 Re8 31. Bf2 Rxe1 32. Rxe1 Re6 33. Ra1 g5 34. Ra3 Ne3 35. Bxe3 fxe3+ 36. Ke2 f5 37. Ra1 f4 38. Rd1 Kf6 39. g4 Ke7 40. h4 Rh6 1/2-1/2

[Event "32nd NATO Championship 2022"]
[Site "Tartu"]
[Date "2022.06.28"]
[Round "3.17"]
[White "Flaata, Alexander R."]
[Black "Rosseel, Kimball"]
[Result "1/2-1/2"]
[ECO "B06"]
[WhiteElo "2033"]
[BlackElo "1822"]
[Annotator "NA RC"]
[PlyCount "135"]
[EventDate "2022.06.27"]
[EventType "swiss"]
[EventCountry "EST"]
[SourceTitle "playchess.com"]
[Source "ChessBase"]
[SourceQuality "1"]
[TimeControl "5400+30"]

1. d4 d6 2. Bf4 g6 3. Nc3 Bg7 4. e4 Nc6 5. d5 Nd4 6. Nge2 c5 7. dxc6 Nxc6 8. Qd2 Nf6 9. Bh6 O-O 10. h4 Bxh6 11. Qxh6 Ng4 12. Qd2 Qb6 13. Ng3 h6 14. Bc4 Qd4 15. Qxd4 Nxd4 16. O-O-O Nxc2 17. Kxc2 Nxf2 18. Nd5 Nxh1 19. Nxe7+ Kg7 20. Rxh1 Be6 21. Kd3 Bxc4+ 22. Kxc4 Rfe8 23. Nd5 Rac8+ 24. Kd3 h5 (24... Re5 $142) 25. Rf1 Re5 $16 26. Ne3 Rec5 27. Ne2 b5 28. Nd4 a6 29. Nb3 Re5 30. Nd4 Rec5 31. Rf2 Re8 32. Nf3 f6 33. b4 Rc7 34. Nd5 Rf7 35. Nd4 Re5 36. Nf3 Re8 37. Nd4 Re5 38. Nc6 Re8 39. Ne3 Rc8 40. Nd4 Re8 41. Rc2 Rfe7 42. Nef5+ gxf5 43. Nxf5+ Kf8 44. Nxe7 Kxe7 45. Ke3 Ke6 46. Rc6 Ra8 47. Rb6 Kd7 48. Rb7+ Ke6 49. Kf4 Rc8 50. Rb6 Rc2 51. Rxa6 Rxg2 52. Kf3 Rg4 53. Ra5 Rxh4 54. Rxb5 Rh3+ 55. Kg2 Ra3 56. Ra5 Re3 57. Rxh5 Rxe4 58. a3 d5 59. b5 Kd6 60. Rh3 d4 61. Rb3 Kc5 62. a4 d3 63. Rc3+ Kb4 64. Rxd3 Kxa4 65. b6 Rb4 66. Rd6 Ka5 67. Rxf6 Rxb6 68. Rxb6 1/2-1/2

[Event "32nd NATO Championship 2022"]
[Site "Tartu"]
[Date "2022.06.28"]
[Round "3.18"]
[White "Tustanowski, Mateusz"]
[Black "Allmann, Lauri"]
[Result "1-0"]
[ECO "B07"]
[WhiteElo "2036"]
[BlackElo "1804"]
[Annotator "NA RC"]
[PlyCount "69"]
[EventDate "2022.06.27"]
[EventType "swiss"]
[EventCountry "EST"]
[SourceTitle "playchess.com"]
[Source "ChessBase"]
[SourceQuality "1"]
[TimeControl "5400+30"]

1. d4 Nf6 2. Bf4 g6 3. Nc3 Bg7 4. e4 d6 5. Qd2 a6 6. O-O-O Nc6 7. f3 b5 8. Bh6 Bxh6 9. Qxh6 e5 10. dxe5 Nxe5 11. h3 Ng8 (11... Qe7 $11) 12. Qe3 Ne7 13. f4 N5c6 14. Nd5 Nxd5 15. exd5+ Qe7 16. Qc3 O-O 17. Re1 Qh4 18. g3 Nb4 19. gxh4 Nxa2+ 20. Kd2 Nxc3 21. Kxc3 Bb7 22. Bg2 Rfe8 23. Ne2 Re3+ 24. Kd2 Re7 25. Ng3 Rd7 $18 26. h5 f5 27. Re6 Kf7 28. Rhe1 Rg8 29. Bf3 a5 30. h6 a4 31. Nh5 gxh5 32. Bxh5+ Rg6 33. Bxg6+ hxg6 34. Re8 Bxd5 35. h7 1-0

[Event "32nd NATO Championship 2022"]
[Site "Tartu"]
[Date "2022.06.28"]
[Round "3.21"]
[White "Van den Heuvel, Tonnie"]
[Black "Nilsson, Erik"]
[Result "0-1"]
[ECO "A01"]
[WhiteElo "1799"]
[BlackElo "2002"]
[Annotator "NA RC"]
[PlyCount "62"]
[EventDate "2022.06.27"]
[EventType "swiss"]
[EventCountry "EST"]
[SourceTitle "playchess.com"]
[Source "ChessBase"]
[SourceQuality "1"]
[TimeControl "5400+30"]

1. b3 e5 2. Bb2 Nc6 3. e3 Nf6 4. Bb5 e4 5. d4 exd3 6. Qxd3 Nb4 7. Qd1 c6 8. Be2 a5 9. a3 Na6 10. Nf3 Be7 11. O-O O-O 12. Nc3 Nc5 13. Re1 Re8 14. Qd4 (14. Na4 $11) 14... Ne6 (14... d5 $15) 15. Qd2 d6 16. Rad1 Qc7 17. Nd4 Nf8 18. Bd3 Ng6 19. Nf5 Bf8 20. Ne2 Ne5 21. Bxe5 dxe5 22. f3 Bxa3 23. e4 Bxf5 24. exf5 e4 25. fxe4 Ng4 ({And not} 25... Nxe4 26. Bxe4 Rxe4 27. Kh1 $17) 26. Nf4 Bc5+ $19 27. Kf1 Be3 28. Rxe3 Qxf4+ 29. Rf3 Nxh2+ 30. Ke2 Qxd2+ 31. Rxd2 Nxf3 0-1

[Event "32nd NATO Championship 2022"]
[Site "Tartu"]
[Date "2022.06.28"]
[Round "3.23"]
[White "Nielsen, Jan Mose"]
[Black "Charles, Freddy"]
[Result "1-0"]
[ECO "B07"]
[WhiteElo "1991"]
[BlackElo "1728"]
[Annotator "NA RC"]
[PlyCount "41"]
[EventDate "2022.06.27"]
[EventType "swiss"]
[EventCountry "EST"]
[SourceTitle "playchess.com"]
[Source "ChessBase"]
[SourceQuality "1"]
[TimeControl "5400+30"]

1. d4 Nf6 2. Bg5 d6 3. Nc3 c6 4. e4 Nbd7 5. f4 Qa5 6. Bd3 e5 7. Nf3 Be7 8. Qd2 Ng8 9. fxe5 dxe5 10. d5 Bb4 11. O-O-O f6 12. dxc6 bxc6 13. Be3 Ne7 $16 (13... Nh6 $11 {remains equal.}) 14. Bc4 Qc7 15. a3 Bc5 16. Rhe1 a5 17. Na4 Bxe3 18. Rxe3 Nb6 19. Nxb6 Qxb6 20. Rd3 Bb7 21. Rd7 1-0

[Event "32nd NATO Championship 2022"]
[Site "Tartu"]
[Date "2022.06.28"]
[Round "3.27"]
[White "Stuhr, Finn"]
[Black "Balmaceda, Enrico"]
[Result "0-1"]
[ECO "B30"]
[WhiteElo "1667"]
[BlackElo "1958"]
[Annotator "NA RC"]
[PlyCount "98"]
[EventDate "2022.06.27"]
[EventType "swiss"]
[EventCountry "EST"]
[SourceTitle "playchess.com"]
[Source "ChessBase"]
[SourceQuality "1"]
[TimeControl "5400+30"]

1. e4 c5 2. Bc4 Nc6 3. Nf3 g6 4. c3 Bg7 5. d3 e6 6. Qe2 Nge7 7. Bb3 Qc7 8. O-O O-O 9. Be3 b6 10. Nbd2 Ba6 11. a4 d5 12. Bg5 Rfe8 13. Rfe1 Qd7 (13... h6 $15 14. Bxe7 (14. exd5 exd5 15. Bxe7 Rxe7 $17) 14... Rxe7) 14. Bc2 h6 15. Bf4 $17 (15. Bxe7 $15 Rxe7 16. e5) 15... Rad8 16. e5 Rc8 17. g4 g5 18. Bg3 Ng6 19. h4 gxh4 20. Bxh4 Nxh4 21. Nxh4 Nxe5 22. f4 Ng6 23. Qh2 Nxh4 24. Qxh4 Qd8 25. g5 hxg5 26. fxg5 e5 27. Kf2 Rc6 28. Nf3 Bc8 29. Qg3 Qe7 30. Re2 Bf5 31. Rae1 Re6 32. Nh4 Bh7 33. Qg2 e4 34. dxe4 Bxe4 35. Bxe4 Rxe4 36. Rxe4 dxe4 37. Nf5 Qe5 38. Qg4 Qh2+ 39. Kf1 Qxb2 40. Qg3 Qxc3 41. Nh6+ Kh7 42. Qf4 Qh3+ 43. Kf2 Bd4+ 44. Re3 Qxe3+ 45. Qxe3 Bxe3+ 46. Kxe3 Re7 47. Nf5 Re5 48. Nd6 Kg6 49. Kf4 Re6 0-1

[Event "32nd NATO Championship 2022"]
[Site "Tartu"]
[Date "2022.06.28"]
[Round "3.28"]
[White "Randall, Gordon"]
[Black "O`Byrne, Daniel"]
[Result "1-0"]
[ECO "A51"]
[WhiteElo "1954"]
[BlackElo "1664"]
[Annotator "NA RC"]
[PlyCount "59"]
[EventDate "2022.06.27"]
[EventType "swiss"]
[EventCountry "EST"]
[SourceTitle "playchess.com"]
[Source "ChessBase"]
[SourceQuality "1"]
[TimeControl "5400+30"]

1. d4 Nf6 2. c4 e5 3. dxe5 Ne4 4. a3 Bc5 5. e3 d6 6. Qd5 Ng5 7. exd6 Bxd6 8. e4 Ne6 9. Nc3 c6 10. Qd1 O-O 11. Nf3 Qc7 12. Be2 Re8 13. O-O Nc5 14. Qc2 Bg4 15. h3 Bh5 16. Be3 Bg6 17. Nd2 Nbd7 18. f4 f6 19. b4 Na6 20. c5 Bf8 21. Bc4+ Bf7 $2 (21... Kh8 22. Ne2 h6) 22. Bxf7+ Kxf7 23. Qb3+ Ke7 24. Nf3 Kd8 25. Rad1 Kc8 26. Qf7 $18 Rd8 27. Nd4 Ndb8 28. Ne6 Rxd1 29. Rxd1 Qd7 30. Qxf8+ 1-0

[Event "32nd NATO Championship 2022"]
[Site "Tartu"]
[Date "2022.06.28"]
[Round "3.34"]
[White "Rizihs, Valerijs"]
[Black "Tammisto, Janek"]
[Result "0-1"]
[ECO "A43"]
[WhiteElo "1619"]
[BlackElo "1881"]
[Annotator "NA RC"]
[PlyCount "98"]
[EventDate "2022.06.27"]
[EventType "swiss"]
[EventCountry "EST"]
[SourceTitle "playchess.com"]
[Source "ChessBase"]
[SourceQuality "1"]
[TimeControl "5400+30"]

1. d4 Nf6 2. Nc3 g6 3. e4 d6 4. Nf3 Bg7 5. Be2 O-O 6. O-O b6 7. Re1 Bb7 8. Bf1 c5 9. d5 Na6 10. h3 Nc7 11. Bf4 a6 12. a4 Qd7 13. Qd2 b5 14. axb5 axb5 15. e5 b4 16. Rxa8 Rxa8 17. Nd1 $17 (17. exf6 $11 bxc3 18. bxc3 Bxf6 19. c4) 17... Nfxd5 18. exd6 exd6 19. Bg3 Ba6 20. Bxa6 Rxa6 21. c4 Ne7 22. b3 Ne6 23. Re2 Nf5 24. Be5 Bxe5 25. Nxe5 Qc7 26. Ng4 Qd8 27. Nde3 h5 28. Nxf5 hxg4 29. Nh6+ Kf8 30. Nxg4 Qg5 31. Qb2 Nd4 32. Rd2 Ra1+ 33. Qxa1 Qxd2 34. Qa8+ Kg7 35. Qd8 Ne2+ 36. Kh2 Qd4 37. g3 Qa1 38. Kg2 Qg1+ 39. Kf3 Nd4+ 40. Ke4 Qb1+ 41. Kd5 Qf5+ 42. Kxd6 Nxb3 43. Kc7 Nd4 44. Qd6 b3 45. Ne3 Qxf2 46. Nd5 Ne6+ 47. Kc8 Qd4 48. Qb8 b2 49. Nf4 Qd8+ 0-1

[Event "32nd NATO Championship 2022"]
[Site "Tartu"]
[Date "2022.06.28"]
[Round "3.42"]
[White "Forsythe, William Bradley"]
[Black "Boudry, Rik"]
[Result "1/2-1/2"]
[ECO "B23"]
[WhiteElo "1608"]
[BlackElo "1464"]
[Annotator "NA RC"]
[PlyCount "133"]
[EventDate "2022.06.27"]
[EventType "swiss"]
[EventCountry "EST"]
[SourceTitle "playchess.com"]
[Source "ChessBase"]
[SourceQuality "1"]
[TimeControl "5400+30"]

1. e4 c5 2. Nc3 e6 3. f4 Nc6 4. Nf3 b6 5. Bb5 Bb7 6. Bxc6 Bxc6 7. O-O Nf6 8. d3 g6 9. Ne5 Bb7 10. f5 d6 11. Ng4 gxf5 12. Bg5 Be7 13. Nxf6+ Bxf6 14. Bxf6 Qxf6 15. exf5 Qd4+ 16. Rf2 Rg8 17. Kf1 e5 18. Nb5 Qh4 19. Nxd6+ Kd7 20. Nxb7 Qxh2 21. Qe1 Rg4 22. Ke2 Rxg2 23. Nxc5+ bxc5 24. Rxg2 Qxg2+ 25. Qf2 Rg8 26. Rf1 h5 27. Ke1 Qxf2+ 28. Rxf2 Rg5 29. Ke2 h4 30. Ke3 h3 31. Rh2 Rh5 32. a3 Kc6 33. b4 Kb5 34. c4+ Kb6 35. Ke4 f6 36. Kd5 cxb4 37. axb4 Rxf5 38. Rxh3 Rf1 39. Rh6 Rf3 40. Ke6 Rxd3 41. Rxf6 Re3 42. Kd5+ Kb7 43. Re6 Rb3 44. Kc5 Re3 45. Re7+ Kb8 46. Kc6 a6 47. Kb6 Kc8 48. Kxa6 Kd8 49. Rh7 e4 50. Kb5 Rf3 51. Kc5 e3 52. Rh5 e2 53. Re5 Rf5 54. Rxf5 e1=Q 55. Rd5+ Kc7 56. b5 Qc3 57. b6+ Kc8 58. Kb5 Qb3+ 59. Kc5 Qa3+ 60. Kb5 Qb3+ 61. Kc5 Qa4 62. Rd4 Qe8 63. Kb4 Qc6 64. c5 Kb7 65. Rd6 Qe4+ 66. Kb5 Qb1+ 67. Ka5 1/2-1/2

[Event "32nd NATO Championship 2022"]
[Site "Tartu"]
[Date "2022.06.28"]
[Round "3.44"]
[White "Muld, Tarmo"]
[Black "Jansen, Lyle John"]
[Result "1-0"]
[ECO "A21"]
[WhiteElo "1783"]
[BlackElo "1470"]
[Annotator "NA RC"]
[PlyCount "79"]
[EventDate "2022.06.27"]
[EventType "swiss"]
[EventCountry "EST"]
[SourceTitle "playchess.com"]
[Source "ChessBase"]
[SourceQuality "1"]
[TimeControl "5400+30"]

1. c4 e5 2. Nc3 c6 3. Nf3 d6 4. d3 Be7 5. g3 Nd7 6. Bg2 h6 7. O-O Ngf6 8. d4 Qc7 9. e4 a6 10. Re1 b5 11. cxb5 axb5 12. Be3 b4 13. Na4 Bb7 14. dxe5 Nxe4 15. Nd4 dxe5 16. Nf5 Nec5 17. Nxc5 Bxc5 18. Nxg7+ Kf8 19. Nf5 Bxe3 20. Rxe3 c5 21. Bxb7 Qxb7 22. Qd6+ Kg8 23. Rd1 Ra6 24. Qxd7 Qxd7 25. Rxd7 f6 26. a3 Rh7 27. Rd8+ Kf7 28. axb4 cxb4 29. Rb8 Kg6 30. Nh4+ Kh5 31. Rxb4 Rg7 32. Kg2 Rg4 33. Rb8 Ra7 34. h3 Rc4 35. b3 Rc1 36. Rg8 Raa1 37. Nf5 Rg1+ 38. Kf3 e4+ 39. Rxe4 Rxg3+ 40. Nxg3# 1-0

[Event "32nd NATO Championship 2022"]
[Site "Tartu"]
[Date "2022.06.29"]
[Round "4.1"]
[White "Stein, Robert"]
[Black "Wang, Eigen"]
[Result "1/2-1/2"]
[ECO "B38"]
[WhiteElo "2365"]
[BlackElo "2269"]
[Annotator "TA"]
[PlyCount "99"]
[EventDate "2022.06.27"]
[EventType "swiss"]
[EventCountry "EST"]
[SourceTitle "playchess.com"]
[Source "ChessBase"]
[SourceQuality "1"]
[TimeControl "5400+30"]

1. d4 Nf6 2. c4 g6 3. Nc3 Bg7 4. e4 d6 5. Nf3 O-O 6. Be2 c5 7. O-O cxd4 8. Nxd4 Nc6 9. Be3 Nxd4 10. Bxd4 Bd7 $1 {[%emt 0:00:38] 10...Bd7 is better than 10...Be6.} 11. f3 Bc6 12. Kh1 {[%emt 0:01:33] B38: Sicilian: Maroczy Bind with 5...Bg7 and 7...0-0.} Nd7 13. Bxg7 {[%emt 0:00:28] White is more active.} Kxg7 14. Qd4+ {[%emt 0:00:38] White is slightly better.} (14. b4 $5 ) 14... Kg8 15. Nd5 {[%emt 0:04:11] [#]} e5 $146 ({Predecessor:} 15... a5 16. Rad1 Nc5 17. f4 Nxe4 18. Qxe4 e6 19. f5 exd5 20. cxd5 Re8 21. Qf3 Bd7 {1-0 (36) Peczely,S (1967)-Graf,C (1710) Oberhof 2011}) 16. Qd2 Bxd5 17. exd5 a5 18. b3 Qb6 19. Rab1 Nf6 20. a3 Nh5 21. Rfc1 Qf2 {[%emt 0:05:30] And now ...Nf4 would win.} 22. Rb2 Rfe8 23. b4 axb4 24. axb4 ({Don't blunder} 24. Rf1 $2 Qh4 25. Qe1 Qxe1 26. Rxe1 bxa3 $19) 24... b6 {[%emt 0:05:06][%cal Bb7b6,Bb6c5][%mdl 32] Against c5} 25. c5 (25. g3 $11) 25... bxc5 $15 (25... Nf4 $2 26. Bb5 Qxd2 27. Rxd2 $16) 26. Bb5 (26. bxc5 $15 Rab8 27. Rbc2 (27. Rxb8 Rxb8 28. Qe1 Qxe1+ 29. Rxe1 dxc5 $17)) 26... Qxd2 $19 27. Rxd2 {[%emt 0:00:04] [#]} Rec8 ({Resist} 27... cxb4 28. Bxe8 Rxe8 29. Rc4 $14) 28. Rdc2 {[%emt 0:01:56][%cal Rb4c5] [#]} Rab8 (28... Nf4 $1 $17 29. bxc5 Nxd5) 29. Ba6 $15 Rd8 30. bxc5 dxc5 31. Rxc5 Nf6 32. Bc4 Rbc8 (32... e4 $15) 33. Rc6 $11 {[%emt 0:06:26] The position is equal.} Kg7 34. Kg1 Ng8 35. Ba6 Rb8 36. d6 {[%emt 0:01:12] Prevents Ne7.} Rb2 37. Rd1 {[%emt 0:00:11] Against Rd2. Threatens to win with Rc8.} Nf6 38. Bc4 Rb7 39. Ba6 Rb4 40. Rc8 Rd7 (40... Rxc8 $2 41. Bxc8 Rb8 42. d7 Nxd7 43. Bxd7 $18) 41. Rc7 {[%emt 0:01:03] aiming for Rxd7.} Rd4 (41... Rb6 $2 42. Rxd7 Nxd7 43. Bc8 $18) 42. Rxd4 exd4 43. Rxd7 Nxd7 {[%emt 0:00:03][%mdl 4096] Endgame KB-KN} 44. Bb5 Nc5 45. d7 Nb7 46. Kf2 Kf8 47. Ba6 Nd8 48. Ke2 Ke7 49. Bb5 Ne6 50. g3 {[%emt 0:00:11] Weighted Error Value: White=0.13 (very precise) /Black=0.09 (flawless)} 1/2-1/2

[Event "32nd NATO Championship 2022"]
[Site "Tartu"]
[Date "2022.06.29"]
[Round "4.2"]
[White "Pavlidis, Anastasios"]
[Black "Cichy, Kamil"]
[Result "1-0"]
[ECO "B01"]
[WhiteElo "2296"]
[BlackElo "2179"]
[Annotator "TA"]
[PlyCount "77"]
[EventDate "2022.06.27"]
[EventType "swiss"]
[EventCountry "EST"]
[SourceTitle "playchess.com"]
[Source "ChessBase"]
[SourceQuality "1"]
[TimeControl "5400+30"]

1. e4 d5 2. exd5 Qxd5 3. Nc3 Qd8 4. d4 g6 5. Nf3 Bg7 6. Bc4 Nf6 {[%emt 0:03:39] Prevents Ne4. 6...Nh6 is vanishing. B01: Scandinavian Defence.} 7. O-O O-O 8. h3 a6 {[%emt 0:00:43] White is slightly better.} 9. a4 b6 10. Qe2 Bb7 {[%emt 0:10:15] [#] Against d5} 11. Re1 $146 ({Predecessor:} 11. Bg5 Nc6 12. Rad1 Nb4 13. Ne5 Nbd5 14. Nxd5 Nxd5 15. Ng4 Qd6 16. Bb3 h5 17. Ne5 {1-0 (49) Van Foreest,J (2644)-Bauer,C (2625) Chess.com INT 2020}) 11... e6 12. Bg5 h6 13. Bh4 g5 14. Bg3 Nc6 15. Rad1 $1 Nb4 {[%emt 0:02:43] Against d5. White stays focused until the end.} 16. Ne5 Nbd5 17. Nxd5 exd5 18. Bd3 {[%emt 0:00:44] White is much more active. The black rooks are badly placed.} Ne4 19. Bh2 ({Much weaker is} 19. Bxe4 $6 dxe4 20. b3 f6 $11) 19... f5 (19... f6 $16) 20. f3 Nd6 21. c3 Qe8 22. Qc2 Rd8 23. Nc4 dxc4 {[%emt 0:00:38] [#]} (23... Qf7 {was worth a try.} 24. Nxd6 cxd6) 24. Rxe8 $18 Rdxe8 25. Bxd6 cxd3 26. Qb3+ Rf7 27. Bxc7 g4 28. Rxd3 gxf3 29. gxf3 Bf6 30. Be5 Kf8 31. Qb4+ Kg8 32. Qxb6 Rg7+ 33. Kf1 Bxe5 34. dxe5 Rxe5 35. Qxh6 {[%emt 0:00:51] [#] Rd8+ would kill now.} Re8 {[%emt 0:00:35] Inhibits Rd8.} 36. Kf2 Rge7 37. Rd6 {[%emt 0:00:50] White mates.} Re2+ 38. Kg3 f4+ 39. Qxf4 {[%emt 0:00:39] Weighted Error Value: White=0.07 (flawless) /Black=0.59} (39. Kh4 $142 R8e7 40. Qg6+ Kh8 41. Rd8+ Re8 42. Rxe8+ Rxe8 43. Qxe8+ Kg7 44. Kg5) 1-0